Map: Cactus Valley LE (Void)

Players

HomerSimpson - Winner!

  • Race: Zerg Zerg
  • League: Diamond
  • Spawn Location: 1:00

Musumeci

  • Race: Zerg Zerg
  • League: Diamond
  • Spawn Location: 11:00

VOD

Have the link to the VOD?

Description

Time

  • Played on: March 2, 2017, 8:28 a.m.
  • Length: 5:22
Show
View Real Time Build Order
Export as new Build Order

HomerSimpson Zerg - Winner!

Build Orders: Hatch First 

Get SALT Encoding   

  12  0:02  Drone  
  13  0:08  Drone  
  14  0:17  Overlord  
  14  0:23  Drone, Extractor  
  14  0:29  Extractor  
  14  0:30  Drone  
  16  0:36  Drone  
  17  0:47  Drone  
  18  0:57  Hatchery  
  18  0:59  Drone  
  18  1:02  Extractor  
  17  1:08  Drone  
  18  1:20  Spawning Pool  
  18  1:21  Drone  
  18  1:28  Drone  
  19  1:38  Overlord  
  19  1:51  Drone  
  20  2:01  Drone  
  21  2:06  Metabolic Boost  
  21  2:07  Queen  
  23  2:09  Queen  
  23  2:10  Drone  
  26  2:21  Zergling x4  
  26  2:22  Zergling x2  
  29  2:31  Drone  
  29  2:36  Drone  
  31  2:51  Drone x2  
  33  3:02  Baneling Nest  
  33  3:03  Drone  
  33  3:04  Zergling x2  
  33  3:05  Zergling x2  
  35  3:07  Overlord  
  35  3:27  Zergling x16  
  43  3:34  Overlord  
  43  3:46  Overlord x2  
  43  3:49  Lair  
  43  4:03  Baneling x6  
  43  4:04  Zergling x2  
  43  4:05  Zergling x12  
  50  4:16  Drone x2  
  45  4:57  Zergling x2  
  45  4:58  Zergling x24  
Show
View Real Time Build Order
Export as new Build Order

Musumeci Zerg 

Build Orders: Hatch First 

Get SALT Encoding   

  12  0:01  Drone  
  13  0:08  Drone  
  14  0:24  Extractor  
  14  0:25  Drone  
  15  0:45  Hatchery  
  14  0:56  Drone, Extractor  
  15  1:02  Spawning Pool  
  14  1:11  Extractor  
  14  1:12  Drone  
  15  1:19  Overlord  
  15  1:52  Drone x3  
  18  1:55  Queen  
  18  1:58  Queen  
  22  2:01  Drone  
  22  2:04  Drone  
  24  2:12  Drone  
  25  2:20  Drone x2  
  27  2:31  Evolution Chamber  
  26  2:38  Drone x2  
  28  2:45  Extractor  
  28  2:46  Overlord  
  27  2:51  Hatchery  
  27  2:54  Zergling x4  
  28  3:07  Queen  
  30  3:24  Zergling x2  
  30  3:25  Zergling x6  
  34  3:33  Roach Warren  
  33  3:35  Evolution Chamber  
  32  4:13  Roach x3  
  32  4:14  Roach x2  
  42  4:21  Extractor  
  42  4:23  Overlord x4  
  25  4:53  Roach x4  
Tags
 
Add a new tag
Caveats
  • Supply blocks, unpowered buildings, or Contaminate may cause inaccurate times.
  • Supply counts are checked every 10 seconds.